 Dungeon Crawl Stone Soup version 0.29.1-15-g9cfb28693d (webtiles) character file.

Game seed: 961041588533822866

13073 LustLizard the Grappler (level 11, -5/111 HPs)
             Began as a Troll Fighter on Mar 30, 2023.
             Was a High Priest of Wu Jian.
             Slain by a vampire (8 damage)
             ... on level 12 of the Dungeon.
             The game lasted 00:25:47 (11104 turns).

LustLizard the Grappler (Troll Fighter)            Turns: 11104, Time: 00:25:47

Health: -5/111     AC:  9    Str: 26    XL:     11   Next: 70%
Magic:  10/10      EV: 13    Int:  8    God:    Wu Jian [*****.]
Gold:   829        SH:  0    Dex:  9    Spells: 10/10 levels left

rFire   . . .      SeeInvis .     - Unarmed
rCold   . . .      Faith    .   b - +0 kite shield
rNeg    . . .      Spirit   .   J - +0 acid dragon scales
rPois   .          Reflect  +   (helmet restricted)
rElec   .          Harm     .   G - +0 cloak
rCorr   +          Rampage  .   (gloves unavailable)
Will    .....                   (boots unavailable)
Stlth   ..........              p - amulet of reflection
HPRegen 1.08/turn               K - +4 ring of evasion
MPRegen 0.12/turn               V - ring of flight

@: confused, flying
A: large, unfitting armour, claws 3, regeneration 1, shaggy fur 1, tough skin 1
a: Renounce Religion, Wall Jump, Serpent's Lash, Heavenly Storm


You were on level 12 of the Dungeon.
You worshipped Wu Jian.
Wu Jian was extremely pleased with you.
You visited 2 branches of the dungeon, and saw 13 of its levels.
You also visited: Ossuary.

You collected 829 gold pieces.

Inventory:

Hand Weapons
 N - the +8 quarterstaff "Decvilohu" {venom, *Corrode Int+5}
   (You found it on level 7 of the Dungeon)

   It poisons the flesh of those it strikes.
   Int:       It affects your intelligence (+5).
   *Corrode:  It may corrode you when you take damage.
 R - a +0 scimitar of flaming
Missiles
 i - 67 poisoned darts (quivered)
 Q - a throwing net
 U - 5 curare-tipped darts
Armour
 b - a +0 kite shield (worn)
 G - a +0 cloak (worn)
 J - +0 acid dragon scales (worn)
Jewellery
 f - an amulet of regeneration
 p - an amulet of reflection (around neck)
 F - a ring of ice
 K - a +4 ring of evasion (left claw)
 V - a ring of flight (right claw)
 W - an amulet of the acrobat
Wands
 s - a wand of flame (24)
 t - a wand of paralysis (6)
 u - a wand of roots (19)
 H - a wand of digging (6)
 T - a wand of quicksilver (6)
Scrolls
 a - a scroll of amnesia
 d - 4 scrolls of blinking
 g - 2 scrolls of enchant weapon {unknown}
 k - a scroll of identify
 l - 4 scrolls of butterflies
 m - 6 scrolls of teleportation
 w - 2 scrolls of silence {unknown}
 y - a scroll of brand weapon {unknown}
 z - 2 scrolls of fear
 A - 2 scrolls of immolation
 I - a scroll of acquirement {unknown}
 L - 7 scrolls of magic mapping
 M - 2 scrolls of poison
 P - a scroll of enchant armour {unknown}
Potions
 c - 3 potions of might
 h - 9 potions of curing
 j - a potion of attraction
 n - a potion of invisibility {unknown}
 o - 2 potions of cancellation
 q - 2 potions of resistance {unknown}
 r - 2 potions of lignification
 v - 2 potions of brilliance
 x - 5 potions of berserk rage
 B - 2 potions of ambrosia
 C - 2 potions of haste
 D - a potion of magic {unknown}
 E - 2 potions of mutation
 S - a potion of degeneration {unknown}
Miscellaneous
 O - a phial of floods


   Skills:
 + Level 8.0 Fighting
 + Level 5.2 Dodging
 + Level 8.8 Shields
 * Level 13.0 Unarmed Combat


You had 10 spell levels left.
You didn't know any spells.
Your spell library contained the following spells:

 Spells                   Type           Power      Damage    Failure   Level
 Sandblast                Erth           0%         2d4       71%         1
 Sting                    Tmut/Pois      0%         1d3       71%         1
 Ensorcelled Hibernation  Hex/Ice        0%         N/A       85%         2
 Passwall                 Tmut/Erth      0%         N/A       85%         2
 Poisonous Vapours        Pois/Air       0%         N/A       85%         2
 Scorch                   Fire           0%         2d5       85%         2
 Spider Form              Tmut/Pois      0%         N/A       97%         3
 Stone Arrow              Conj/Erth      0%         3d7       97%         3
 Anguish                  Hex/Necr       0%         N/A       100%        4
 Corpse Rot               Necr/Pois/Air  0%         N/A       100%        4
 Dispel Undead            Necr           0%         3d6       100%        4
 Flame Wave               Conj/Fire      0%         2d4       100%        4
 Olgreb's Toxic Radiance  Pois           0%         N/A       100%        4
 Death Channel            Necr           0%         N/A       100%        6
 Summon Cactus Giant      Summ           0%         N/A       100%        6
 Malign Gateway           Summ/Tloc      0%         N/A       100%        7
 Summon Horrible Things   Summ           0%         N/A       100%        8


Dungeon Overview and Level Annotations

Branches:
Dungeon (12/15)            Temple (1/1) D:4            Lair (0/5) D:10
    Orc (0/2) D:11        Ossuary (visited)

Altars:
Cheibriados
Gozag
Kikubaaqudgha
Makhleb
Okawaru
Qazlal
Ru
Sif Muna
Trog
Vehumet
Wu Jian
Xom
Yredelemnul
The Shining One

Shops:
D:8 (

Annotations:
D:6 3 runed translucent doors, viagra's ghost, novice MiBe
D:7 3 runed translucent doors, jtron's ghost, novice GnBe
D:9 1 runed translucent door, TittyCrusher's ghost, novice VSFi


Innate Abilities, Weirdness & Mutations

You are too large for most types of armour.
You have claws for hands.
Your natural rate of healing is unusually fast.
You are covered in fur. (AC +1)
You have tough skin. (AC +1)


Message History

Unknown command.
You bump into the rock wall.
You feel less confused.
You block something's attack. x2; The vampire closely misses you.
You block the vampire's attack.
You claw the vampire!
You destroy the vampire!
The Council accepts your kill.
You claw something! Something hits you but does no damage. Something bites you!
* * * LOW HITPOINT WARNING * * *
Something draws strength from your injuries!
You claw something! Something barely misses you. Something bites you!
* * * LOW HITPOINT WARNING * * *
Something draws strength from your injuries!
You completely miss something. You block something's attack.
Something bites you.
* * * LOW HITPOINT WARNING * * *
Something draws strength from your injuries!
Unknown command.
As you read the scroll of teleportation, it crumbles to dust.
You feel strangely unstable. The phantom barely misses you.
You hear some strange, mumbled words.
You are confused.
You bump into the rock wall.
Something hits you but does no damage. Something bites you.
* * * LOW HITPOINT WARNING * * *
Something draws strength from your injuries!
The phantom barely misses you.
You're too confused to move!
The phantom hits you but does no damage.
Something hits you but does no damage. Something bites you!
* * * LOW HITPOINT WARNING * * *
Something draws strength from your injuries!
You're too confused to move!
Your surroundings seem slightly different.
You are too confused!
The vampire hits you!
* * * LOW HITPOINT WARNING * * *
The vampire bites you!
You die...

.#. #..... .#.#. #.....
?...# #..... !..?..
#..... ## #..(..# #.....
##.###..!..$. #.#...
##.#.#.#...$.# #.....
#.#.....#.# #.....
#...@?..# #....#
##...V.## #...##
##.......## #..###
##.#..†.W#§# #####..###
###.#†#.#.#.## #....†....
..#.#.###.## ##...†<.##
.#.#.## ### ##...#####
##.## ########...## ##
#.##.####.........######.


You could see a vampire and a phantom.

Vanquished Creatures
  Erica (D:9)
  Amaemon (D:9)
  Pikel (D:7)
  An ugly thing (D:11)
  A gargoyle (D:12)
  An orange demon (D:9)
  An unseen horror (D:12)
  Maggie (D:6)
  3 kobold demonologists
  Psyche (D:8)
  4 trolls
  A hornet (D:7)
  2 vampires (D:12)
  Sigmund (D:3)
  A wraith (D:10)
  6 yaks (D:10)
  A shadow (D:11)
  A wyvern (D:10)
  4 vampire mosquitoes
  A swamp worm (D:8)
  An acid dragon (D:9)
  2 water moccasins
  2 ice beasts
  3 ogres (D:11)
  8 orc warriors
  3 centaurs
  4 lemures
  3 wolves (D:10)
  9 kobold brigands
  A bullfrog (D:9)
  5 gnoll sergeants
  A necrophage (D:4)
  A scorpion (D:5)
  3 wights (D:7)
  7 killer bees (D:9)
  4 electric eels (D:10)
  A howler monkey (D:10)
  7 hounds
  A human zombie (Ossuary)
  7 orc priests
  2 jellies
  Natasha (thrice) (D:4)
  Ijyb (D:3)
  4 iguanas
  21 orc wizards
  A scorpion zombie (D:4)
  2 hound zombies (Ossuary)
  4 mummies (Ossuary)
  19 gnolls
  4 adders
  2 shadow imps (D:9)
  A white imp (D:8)
  3 adder zombies
  5 worms
  4 dart slugs
  62 orcs
  6 endoplasms
  2 giant cockroaches
  4 goblins
  7 hobgoblins
  3 jackals (D:3)
  41 kobolds
  4 quokkas
  5 ball pythons
  6 bats
  3 frilled lizards
  2 goblin zombies (Ossuary)
  A jackal zombie (Ossuary)
  10 kobold skeletons (D:9)
  10 kobold zombies
  7 rats
  2 rat zombies (Ossuary)
358 creatures vanquished.

Vanquished Creatures (others)
  An orc wizard (D:4)
  3 plants (D:8)
4 creatures vanquished.

Grand Total: 362 creatures vanquished

Notes
Turn   | Place    | Note
-------+----------+-------------------------------------------
     0 | D:1      | LustLizard the Troll Fighter began the quest for the Orb.
     0 | D:1      | Reached XP level 1. HP: 22/22 MP: 0/0
    45 | D:1      | Found a faded altar of an unknown god.
   326 | D:1      | Reached XP level 2. HP: 29/29 MP: 1/1
   832 | D:2      | Reached XP level 3. HP: 36/36 MP: 2/2
   902 | D:2      | Identified the +0 scale mail of the Shining Light {rC+}
  1022 | D:2      | Reached skill level 3 in Unarmed Combat
  1300 | D:3      | Reached XP level 4. HP: 32/44 MP: 3/3
  1488 | D:3      | Noticed Sigmund
  1521 | D:3      | Killed Sigmund
  1522 | D:3      | Reached skill level 4 in Unarmed Combat
  1522 | D:3      | Reached XP level 5. HP: 24/53 MP: 4/4
  1815 | D:3      | Noticed Ijyb
  1825 | D:3      | Paralysed by Ijyb for 2 turns
  1833 | D:3      | Killed Ijyb
  1834 | D:3      | Reached XP level 6. HP: 60/61 MP: 5/5
  1881 | D:3      | Identified the +1 scale mail of the Gate {rN++ Stlth+}
  2363 | D:4      | Noticed Natasha
  2369 | D:4      | Killed Natasha
  2379 | D:4      | Found a staircase to the Ecumenical Temple.
  2395 | Temple   | Entered the Ecumenical Temple
  2405 | Temple   | Became a worshipper of the Wu Jian Council
  2581 | D:4      | Reached skill level 5 in Unarmed Combat
  2584 | D:4      | Found a sand-covered staircase.
  2591 | Ossuary  | Entered an ossuary
  3031 | D:4      | Found a stormy altar of Qazlal.
  3034 | D:4      | Noticed a fire elemental
  3035 | D:4      | Noticed an air elemental
  3035 | D:4      | Noticed a water elemental
  3058 | D:4      | Reached XP level 7. HP: 68/68 MP: 6/6
  3124 | D:4      | Found a glowing golden altar of the Shining One.
  3195 | D:4      | Noticed Natasha
  3200 | D:4      | Killed Natasha
  3243 | D:4      | Reached skill level 6 in Unarmed Combat
  3334 | D:4      | Found a shimmering blue altar of Sif Muna.
  3548 | D:4      | Reached * piety under Wu Jian
  3551 | D:4      | Found a basalt altar of Yredelemnul.
  3571 | D:5      | Entered Level 5 of the Dungeon
  3892 | D:4      | Noticed Natasha
  3897 | D:4      | Killed Natasha
  4020 | D:5      | Found a sacrificial altar of Ru.
  4036 | D:5      | Found a snail-covered altar of Cheibriados.
  4675 | D:6      | Reached skill level 5 in Shields
  4703 | D:6      | Reached XP level 8. HP: 79/79 MP: 7/7
  4713 | D:6      | Found a runed translucent gate.
  4713 | D:6      | Noticed viagra's ghost (novice MiBe)
  4714 | D:6      | Found a runed translucent gate.
  4715 | D:6      | Found a runed translucent gate.
  4798 | D:6      | Reached skill level 7 in Unarmed Combat
  4975 | D:6      | Noticed Maggie
  4984 | D:6      | HP: 1/77 [Maggie/bolt of fire (34)]
  4989 | D:6      | Killed Maggie
  4990 | D:6      | Reached skill level 5 in Fighting
  4990 | D:6      | Reached skill level 8 in Unarmed Combat
  5313 | D:7      | Noticed Pikel
  5314 | D:7      | Noticed a hornet
  5443 | D:7      | Found a runed translucent gate.
  5444 | D:7      | Found a runed translucent gate.
  5444 | D:7      | Noticed jtron's ghost (novice GnBe)
  5445 | D:7      | Found a runed translucent gate.
  5801 | D:7      | Reached ** piety under Wu Jian
  5805 | D:7      | Reached XP level 9. HP: 85/88 MP: 8/8
  5893 | D:7      | Killed Pikel
  5894 | D:7      | Reached skill level 9 in Unarmed Combat
  5972 | D:7      | Found a runed translucent door.
  6279 | D:7      | Identified the +8 quarterstaff "Decvilohu" {venom, *Corrode
                  | Int+5}
  6527 | D:8      | Found Jaocw's Weapon Shop.
  6763 | D:8      | Reached *** piety under Wu Jian
  6917 | D:8      | Reached skill level 10 in Unarmed Combat
  6943 | D:8      | Noticed Psyche
  6950 | D:8      | Killed Psyche
  7240 | D:8      | Found a shimmering altar of Xom.
  7447 | D:9      | Found a runed translucent door.
  7448 | D:9      | Found a shimmering altar of Xom.
  7448 | D:9      | Noticed a +0 war axe of chaos
  7448 | D:9      | Noticed TittyCrusher's ghost (novice VSFi)
  7515 | D:9      | Reached XP level 10. HP: 96/100 MP: 9/9
  7624 | D:9      | Noticed Erica
  7641 | D:9      | Killed Erica
  7788 | D:9      | Reached skill level 11 in Unarmed Combat
  7792 | D:9      | Reached **** piety under Wu Jian
  7819 | D:9      | Found an ancient bone altar of Kikubaaqudgha.
  7987 | D:9      | Found a burning altar of Makhleb.
  8190 | D:9      | Noticed Amaemon
  8210 | D:9      | Noticed an orange demon
  8219 | D:9      | Killed Amaemon
  8250 | D:9      | Killed an orange demon
  8432 | D:10     | Entered Level 10 of the Dungeon
  8468 | D:10     | Found a staircase to the Lair.
  8977 | D:10     | Reached XP level 11. HP: 109/109 MP: 10/10
  9369 | D:10     | Reached skill level 12 in Unarmed Combat
 10175 | D:11     | Reached ***** piety under Wu Jian
 10316 | D:11     | Found a staircase to the Orcish Mines.
 10604 | D:11     | Reached skill level 5 in Dodging
 10797 | D:11     | Noticed a purple ugly thing
 10804 | D:11     | Killed a purple ugly thing
 11076 | D:12     | Reached skill level 13 in Unarmed Combat
 11104 | D:12     | HP: 3/111 [vampire (10)]
 11104 | D:12     | Slain by a vampire

Illustrated notes

Levels and vault maps discovered:
D:1:      lightli_arrival_statue_moat, layout_basic,
          hellmonk_ecumenical_altar_arch_garden, minmay_pentomino_z2
D:2:      layout_rooms
D:3:      layout_basic, uniq_ijyb, uniq_sigmund
D:4:      layout_loops_ring, lemuel_zombie_altar_yredelemnul,
          nicolae_qazlal_style_of_elements, mainiacjoe_overflow_cross_hatched,
          tgw_sif, minmay_temple_entry_junction_2, enter_ossuary_5, uniq_natasha
D:5:      layout_loops_ring, kennysheep_slug_shrine,
          mainiacjoe_overflow_tiny_flanked
D:6:      minmay_spotlight, layout_cave_pools, biasface_ghost_orc_armoury,
          serial_rivers, chequers_serial_rivers_micro_e,
          chequers_serial_rivers_large_a, chequers_serial_rivers_micro_a,
          chequers_serial_rivers_micro_c, uniq_maggie
D:7:      layout_basic, gammafunk_ghost_split, lightli_church_of_beogh,
          uniq_pikel
D:8:      layout_basic, lemuel_coloured_pillars_altar, serial_shops,
          nicolae_diamond_shop, supply_closet_lemuel, worms_lemuel, uniq_psyche
D:9:      wander_kiku_kobolds, layout_loops_ring, lightli_temple_of_fire,
          ebering_ghost_xom, uniq_amaemon, uniq_erica
D:10:     layout_stronghold, erik_lair_island, kennysheep_path_1
D:11:     layout_stronghold, kennysheep_orc_monster_closet_entryway
D:12:     layout_cave_pools, minmay_misc_feat_rugged, hangedman_batty
Temple:   eino_temple_water

Skill      XL: |  1  2  3  4  5  6  7  8  9 10 11 |
---------------+----------------------------------+-----
Shields        | 3 4 5 6 7 8 |  8.8
Unarmed Combat | 3 4 5 6 8 10 11 13 | 13.0
Fighting       | 3 4 5 6 7 8 |  8.0
Dodging        | 4 5 |  5.2

Action                   |  1- 3 |  4- 6 |  7- 9 | 10-12 || total
-------------------------+-------+-------+-------+-------++-------
Melee: Unarmed           |    74 |   181 |   389 |   529 ||  1173
Throw: Dart              |       |       |     8 |       ||     8
Invok: Lunge             |       |     3 |    37 |    35 ||    75
       Whirlwind         |       |       |     6 |    79 ||    85
       Serpent's Lash    |       |       |       |     1 ||     1
Evoke: Wand              |       |       |       |     5 ||     5
  Use: Scroll            |       |     3 |     8 |     7 ||    18
       Potion            |       |       |     2 |     5 ||     7
Armor: Robe              |    16 |    80 |    29 |       ||   125
       Acid dragon scale |       |       |    48 |   125 ||   173
Dodge: Dodged            |    13 |    52 |    59 |   135 ||   259
Block: Kite shield       |    26 |   122 |   208 |   329 ||   685
       Reflection        |       |     1 |    15 |     6 ||    22
